 Dungeon Crawl Stone Soup version 0.27.1-34-g3ba077fa99 (webtiles) character file.

Game seed: 17116567852053417401

0 belegose the Covered (level 1, 0/13 HPs)
             Began as a Human Wanderer on Jan 10, 2022.
             Slain by a gnoll (4 damage)
             ... on level 1 of the Dungeon.
             The game lasted 00:01:20 (35 turns).

belegose the Covered (Human Wanderer)                 Turns: 35, Time: 00:01:21

Health: 0/13       AC:  5    Str: 14    XL:     1   Next: 11%
Magic:  0/3        EV: 10    Int: 11    God:
Gold:   0          SH:  0    Dex: 11    Spells: 3/4 levels left

rFire    . . .     SeeInvis .   a - +0 hand crossbow
rCold    . . .     Faith    .   (no shield)
rNeg     . . .     Spirit   .   c - +0 ring mail
rPois    .         Reflect  .   (no helmet)
rElec    .         Harm     .   (no cloak)
rCorr    .         Rampage  .   (no gloves)
Will     .....                  (no boots)
Stlth    +.........             (no amulet)
HPRegen  0.04/turn              (no ring)
MPRegen  0.08/turn              (no ring)

@: very slightly contaminated
A: no striking features
a: no special abilities


You were on level 1 of the Dungeon.
You visited 1 branch of the dungeon, and saw 1 of its levels.

Inventory:

Hand Weapons
 a - a +0 hand crossbow (weapon)
Missiles
 b - 24 bolts (quivered ammo)
Armour
 c - a +0 ring mail (worn)
Potions
 d - a potion of mutation {unknown}


   Skills:
 - Level 3.0 Armour
 + Level 2.0 Spellcasting
 + Level 1.0 Conjurations
 + Level 2.0 Poison Magic
 - Level 2.0 Evocations


You had 3 spell levels left.
You knew the following spells:

 Your Spells              Type           Power      Damage    Failure   Level
a - Magic Dart            Conj           12%        1d3       36%         1

Your spell library contained the following spells:

 Spells                   Type           Power      Damage    Failure   Level
 Blink                    Tloc           N/A        N/A       65%         2
 Call Imp                 Summ           1%         N/A       65%         2
 Slow                     Hex            1%         N/A       65%         2
 Mephitic Cloud           Conj/Pois/Air  3%         N/A       75%         3
 Conjure Flame            Conj/Fire      2%         6-21      80%         3


Dungeon Overview and Level Annotations

Branches:
Dungeon (1/15)

Altars:


Message History

Casting: Magic Dart (safe; 36% risk of failure)
Confirm with . or Enter, or press ? or * to list all spells.
Aiming: Magic Dart (safe; 36% risk of failure)
Press: ? - help, Shift-Dir - straight line, f - gnoll
Aim: a gnoll, wielding a +0 flail (100% to hit)
The magic dart hits the gnoll.
The gnoll is lightly wounded.
Casting: Magic Dart (safe; 36% risk of failure)
Confirm with . or Enter, or press ? or * to list all spells.
Aiming: Magic Dart (safe; 36% risk of failure)
Press: ? - help, Shift-Dir - straight line, f/p - gnoll
Aim: a gnoll, wielding a +0 flail (lightly wounded, 100% to hit)
The magic dart hits the gnoll but does no damage.
The gnoll is lightly wounded.
An endoplasm comes into view.
Casting: Magic Dart (safe; 36% risk of failure)
Confirm with . or Enter, or press ? or * to list all spells.
Aiming: Magic Dart (safe; 36% risk of failure)
Press: ? - help, Shift-Dir - straight line, f/p - gnoll
Aim: a gnoll, wielding a +0 flail (lightly wounded, 100% to hit)
You miscast Magic Dart.
You are very lightly contaminated with residual magic.
Nothing appears to happen.
The endoplasm quivers.
The gnoll hits you with a +0 flail!
Ouch! That really hurt!
Casting: Magic Dart (safe; 36% risk of failure)
Confirm with . or Enter, or press ? or * to list all spells.
You don't have enough magic to cast this spell.
Unknown command.
Casting: Magic Dart (safe; 36% risk of failure)
Confirm with . or Enter, or press ? or * to list all spells.
You don't have enough magic to cast this spell.
Unknown command.
Fire: 25 bolts
Press: ? - help, Q - select action, (/) - cycle Shift-Dir - straight line, f/p - gnoll
Aim: a gnoll, wielding a +0 flail (lightly wounded, 63% to hit)
You shoot a bolt. The bolt barely misses the gnoll.
The gnoll hits you with a +0 flail.
You die...

...... ...## .....
........ #...
#..##..# #...
#..##..#
.###[.(###..##..#
............##..#
..#####.#†#.##..#
#g#...##..#
#@###.##..####.#
..##.###..........#
.............####.#
#..#.....##...##
#.######.##......
#..8.....8........
..#.....#.........
#..<..#...#.....
#.....#...#.....


You could see a gnoll.

Vanquished Creatures
  A rat (D:1)
1 creature vanquished.

Notes
Turn   | Place    | Note
-------+----------+-------------------------------------------
     0 | D:1      | belegose the Human Wanderer began the quest for the Orb.
     0 | D:1      | belegose set off with the following items: a +0 hand
                  | crossbow, 25 bolts, a +0 ring mail; and the following spell
                  | memorised: Magic Dart; and the following spells available
                  | to memorise: Blink, Call Imp, Slow, Mephitic Cloud, Conjure
                  | Flame
     0 | D:1      | Reached XP level 1. HP: 13/13 MP: 3/3
    35 | D:1      | Slain by a gnoll

Illustrated notes

Levels and vault maps discovered:
D:1:      scummos_arrival_simple_crosswalls, layout_basic,
          minmay_misc_feat_cross, minmay_fountain_box

Action                   || total
-------------------------++-------
 Fire: Hand crossbow     ||     1
 Cast: Magic Dart        ||     3
